 Dungeon Crawl Stone Soup version 0.19-a0-1013-g40768a3 (webtiles) character file.

95 Ijustatesigmund the Skirmisher (level 4, 0/37 HPs)
             Began as a Demonspawn Fighter on July 24, 2016.
             Slain by a gnoll
             ... wielding a +0 halberd
              (10 damage)
             ... on level 3 of the Dungeon.
             The game lasted 00:03:54 (1615 turns).

Ijustatesigmund the Skirmisher (Demonspawn Fighter) Turns: 1615, Time: 00:03:57

Health: 0/37       AC:  8    Str: 16    XL:     4   Next: 39%
Magic:  4/4        EV:  6    Int: 10    God:
Gold:   53         SH:  8    Dex: 13    Spells: 0 memorised, 3 levels left

rFire  . . .     SeeInvis .     k - +0 club (chaos)
rCold  . . .     Gourm    .     j - +0 chain mail
rNeg   . . .     Faith    .     c - +0 shield
rPois  .         Spirit   .     (no helmet)
rElec  .         Dismiss  .     (no cloak)
rCorr  .         Reflect  .     (no gloves)
SustAt .         Harm     .     (no boots)
MR     .....                    (no amulet)
Stlth  ..........               (no ring)
                                (no ring)

@: drained, not resistant to hostile enchantments, extremely unstealthy
A: sturdy frame 1
a: no special abilities


You were on level 3 of the Dungeon.
You were not hungry.

You visited 1 branch of the dungeon, and saw 3 of its levels.

You collected 53 gold pieces.

Inventory:

Hand Weapons
 a - a +0 flail
 k - a +0 club of chaos (weapon)
Armour
 c - a +0 shield (worn)
 j - a +0 chain mail (worn)
Scrolls
 e - a scroll of identify {unknown}
 g - a scroll of remove curse {unknown}
Potions
 i - a potion of curing {unknown}
 l - a potion of haste {unknown}
 m - 2 potions of mutation {unknown}
Comestibles
 b - a meat ration
 d - a beef jerky
 f - a bread ration
 h - 3 chunks of flesh


   Skills:
 + Level 3.7(3.5) Fighting
 + Level 2.7(2.5) Maces & Flails
 - Level 2.6(2.5) Armour
 + Level 2.2(2.1) Dodging
 - Level 2.6(2.5) Shields


You had 3 spell levels left.
You didn't know any spells.

Dungeon Overview and Level Annotations

Branches:
Dungeon (3/15)

Altars:


Innate Abilities, Weirdness & Mutations

Your movements are slightly less encumbered by armour. (ER -2)


Message History

The gnoll is moderately wounded.
You block the gnoll's attack. x2
The gnoll hits you from afar with a spear.
The gnoll hits you but does no damage. The gnoll barely misses you.
You block the gnoll's attack. The gnoll barely misses you.
You block the gnoll's attack.
You hit the gnoll.
The gnoll goes berserk!
The gnoll is moderately wounded.
You block the gnoll's attack.
The gnoll hits you from afar with a spear.
The gnoll hits you with a spear!
The gnoll hits you from afar with a halberd.
* * * LOW HITPOINT WARNING * * *
You hit the gnoll. You burn the gnoll.
The gnoll is severely wounded.
You block the gnoll's attack.
The gnoll hits you from afar with a spear.
* * * LOW HITPOINT WARNING * * *
The gnoll hits you from afar with a halberd!
You die...

. .[. #########
...>.#####........
.....wgg@.........
......g###.######
.......#...#
######.#.### #.#.#
#.#.# #.#.# #.#.#
#.#


You could see a worm and 3 gnolls.

Vanquished Creatures
  3 adders
  A gnoll (D:3)
  An ooze (D:1)
  3 dart slugs (D:1)
  3 giant geckos
  3 ball pythons
  5 giant cockroaches
  6 goblins (D:1)
  3 hobgoblins (D:1)
  4 jackals (D:1)
  6 kobolds
  2 bats (D:1)
  5 rats (D:1)
45 creatures vanquished.

Notes
Turn   | Place    | Note
-------+----------+-------------------------------------------
     0 | D:1      | Ijustatesigmund the Demonspawn Fighter began the quest for the Orb.
     0 | D:1      | Reached XP level 1. HP: 18/18 MP: 1/1
   187 | D:1      | Reached skill level 1 in Dodging
   187 | D:1      | Gained mutation: Your movements are slightly less encumbered by armour. (ER -2) [demonic ancestry]
   187 | D:1      | Reached XP level 2. HP: 24/24 MP: 2/2
   397 | D:1      | Reached XP level 3. HP: 21/29 MP: 3/3
  1089 | D:2      | Reached XP level 4. HP: 17/35 MP: 4/4
  1615 | D:3      | Slain by a gnoll

Vault maps used:
D:1:      dpeg_arrival_rooms_with_view, hangedman_decor_growths,
          serial_park_tiny_pond, minmay_misc_feat_alley, st_stairs_6
D:2:      tgw_xom, minmay_strange_pillars
D:3:      corexii_hall_statues_i, minmay_goblin_kobold_house, uniq_terence

Skill      XL: |  1  2  3 |
---------------+----------+-----
Maces & Flails | 2 |  2.7
Dodging        | 1 2 |  2.2
Fighting       | |  3.7
Armour         | |  2.6
Shields        | |  2.6

Action                   |  1- 3 |  4- 6 || total
-------------------------+-------+-------++-------
Melee: Flail             |   138 |    25 ||   163
       Club              |       |     4 ||     4
  Use: Potion            |     1 |     1 ||     2
  Eat: Chunk             |     1 |     2 ||     3
Armor: Scale mail        |    44 |       ||    44
       Chain mail        |    43 |    14 ||    57
Dodge: Dodged            |    43 |     8 ||    51
Block: Shield            |    81 |    19 ||   100
